 Dungeon Crawl Stone Soup version 0.32-a0-136-gc02482bde3 (webtiles) character file.

Game seed: 8430284849575897423

2946 cforsyth the Fighter (level 10, -8/79 HPs)
             Began as a Djinni Hexslinger on Feb 10, 2024.
             Killed from afar by a gargoyle (25 damage)
             ... with a stone arrow
             ... on level 7 of the Dungeon.
             The game lasted 00:13:56 (7076 turns).

cforsyth the Fighter (Djinni Hexslinger)            Turns: 7076, Time: 00:13:57

Health: -8/79      AC:  7    Str:  7    XL:     10   Next: 7%
Gold:   392        EV: 12    Int: 21    God:
                   SH:  0    Dex: 20

rFire   + + .        a - +1 sling
rCold   . . .        (no shield)
rNeg    . . .        s - +2 leather armour of Uskayaw's Wrath {Int+3}
rPois   ∞            (no helmet)
rElec   .            k - +0 cloak
rCorr   .            E - +0 pair of gloves of Anecruq {rC+ Dex+3}
SInv    .            (boots unavailable)
Will    +....        (no amulet)
Stlth   +            (no ring)
HPRegen 0.33/turn    (no ring)
MPRegen 0.00/turn

%: infuse magic (-9 HP)
@: flying
A: sickness immunity, fire resistance 2, cold vulnerability 1, float, innate
caster, HP casting, extra vitality 1
a: no special abilities


You were on level 7 of the Dungeon.
You visited 1 branch of the dungeon, and saw 7 of its levels.
You also visited: Bailey.

You collected 392 gold pieces.


Innate Abilities, Weirdness & Mutations

You are immune to sickness and miasma.
You are immune to poison.
Your flesh is very heat resistant. (rF++)
You are vulnerable to cold. (rC-)
You float through the air rather than walking.
You learn spells naturally, not from books.
Your magical power is your life essence.
You have superior vitality. (+4 MHP)


   Skills:
 + Level 9.6 Fighting
 - Level 1.5 Ranged Weapons
 - Level 2.1 Dodging
 + Level 7.7 Spellcasting
 + Level 7.7 Conjurations
 + Level 7.7 Hexes
   Level 0.0 Charms
 + Level 7.7 Summonings
 + Level 7.7 Necromancy
 + Level 7.7 Translocations
   Level 0.0 Transmutations
 + Level 7.7 Fire Magic
 + Level 7.7 Ice Magic
 + Level 7.7 Air Magic
 + Level 7.7 Earth Magic
 + Level 7.7 Alchemy


You knew the following spells:

 Your Spells              Type           Power      Damage    Failure   Level
a - Momentum Strike       Conj/Tloc      80%        3d10      1%          2
b - Hailstorm             Conj/Ice       40%        3d9       1%          3
c - Cause Fear            Hex            20%        N/A       5%          4
f - Inner Flame           Hex/Fire       40%        N/A       1%          3
s - Searing Ray           Conj           80%        2d7       1%          2
z - Sandblast             Erth           80%        2d17      1%          1
X - Jinxbite              Hex            80%        N/A       1%          2
Y - Sigil of Binding      Hex            40%        N/A       1%          3
Z - Dimensional Bullseye  Hex/Tloc       20%        N/A       5%          4
Your spell library was empty.

Inventory:

Hand Weapons
 a - a +1 sling (weapon)
Missiles
 B - 3 throwing nets {=f}
Armour
 k - a +0 cloak (worn)
 m - a +0 pair of gloves
 s - the +2 leather armour of Uskayaw's Wrath (worn) {Int+3}
   (You found it on level 5 of the Dungeon)

   Int+3:     It affects your intelligence (+3).
 y - a +1 troll leather armour {Pargi}
 E - the +0 pair of gloves of Anecruq (worn) {rC+ Dex+3}
   (You found it on level 5 of the Dungeon)

   Dex+3:     It affects your dexterity (+3).
   rC+:       It protects you from cold.
Magical Staves
 f - a staff of conjuration {!a}
 n - a staff of fire {!a}
Jewellery
 c - a ring of ice
 C - a ring of protection from cold
 D - a ring of ice
Scrolls
 b - 3 scrolls of poison
 d - a scroll of silence {unknown}
 g - 3 scrolls of enchant weapon {unknown}
 l - 2 scrolls of identify {unknown}
 q - 3 scrolls of teleportation {unknown}
 r - a scroll of immolation {unknown}
 v - 2 scrolls of enchant armour
 w - a scroll of blinking {unknown}
 z - a scroll of brand weapon {unknown}
 G - a scroll of revelation {unknown}
Potions
 e - 6 potions of curing {unknown}
 h - a potion of enlightenment {unknown}
 i - a potion of resistance {unknown}
 j - 2 potions of haste {@q3}
 o - 3 potions of might {unknown}
 p - 2 potions of invisibility {unknown}
 t - a potion of mutation {unknown}
 u - a potion of brilliance {unknown}
 x - a potion of heal wounds {@q2}
 A - 2 potions of berserk rage {unknown}
 F - 2 potions of magic {unknown}
 H - a potion of degeneration {unknown}

Dungeon Overview and Level Annotations

Branches:
Dungeon (7/15)             Temple (0/1) D:6          Bailey (visited)

Altars:
Ashenzari
Gozag
Uskayaw
Xom

Annotations:
D:3 3 runed translucent doors, jasper's ghost, amateur DECj
D:6 2 transporters, Esekla's ghost, amateur OpDe

## .## .
..###.. .....
# #####....
..####......#
#...#......##
#......@..##
###.)(59...##
#.........#
#........##
#.......[#
#.......##
#......##
#..)...#
######
#.....##
####....#


You could see a gargoyle (inner flame) and a shadow imp.


Message History

Aim: a gargoyle, wielding a +0 morningstar (heavily damaged, inner flame, 91% to hit)
The searing ray hits the gargoyle but does no damage.
The gargoyle is heavily damaged. (Press . to maintain the ray.)
The gargoyle hits you with a +0 morningstar!
The shadow imp hits you.
The searing ray hits the gargoyle but does no damage.
The gargoyle is heavily damaged.
The searing ray hits the ufetubus!
You kill the ufetubus!
* * * LOW HITPOINT WARNING * * *
The gargoyle misses you.
The shadow imp grinds its teeth.
The shadow imp hits you but does no damage.
The searing ray hits the gargoyle but does no damage.
The gargoyle is heavily damaged.
The searing ray hits the ufetubus!
You kill the ufetubus!
* * * LOW HITPOINT WARNING * * *
The gargoyle hits you with a +0 morningstar!
* * * LOW HITPOINT WARNING * * *
The shadow imp hits you.
* * * LOW HITPOINT WARNING * * *
The searing ray hits the gargoyle but does no damage.
The gargoyle is heavily damaged.
* * * LOW HITPOINT WARNING * * *
You finish channelling your searing ray.
The gargoyle hurls a stone arrow at you.
The stone arrow hits you!!
You die...

Skill      XL: |  1  2  3  4  5  6  7  8  9 |
---------------+----------------------------+-----
Spellcasting   | 3 4 5 6 7 |  7.7
Conjurations   | 3 4 5 6 7 |  7.7
Hexes          | 3 4 5 6 7 |  7.7
Summonings     | 3 4 5 6 7 |  7.7
Necromancy     | 3 4 5 6 7 |  7.7
Translocations | 3 4 5 6 7 |  7.7
Fire Magic     | 3 4 5 6 7 |  7.7
Ice Magic      | 3 4 5 6 7 |  7.7
Air Magic      | 3 4 5 6 7 |  7.7
Earth Magic    | 3 4 5 6 7 |  7.7
Alchemy        | 3 4 5 6 7 |  7.7
Fighting       | 2 3 4 5 7 9 |  9.6
Ranged Weapons | |  1.5
Dodging        | |  2.1

Action                     |  1- 3 |  4- 6 |  7- 9 | 10-12 || total
---------------------------+-------+-------+-------+-------++-------
   Fire: Sling             |    80 |    54 |    30 |     6 ||   170
   Cast: Sandblast         |     8 |     3 |     1 |       ||    12
         Inner Flame       |     5 |    11 |    56 |     4 ||    76
         Searing Ray       |       |     5 |    72 |     2 ||    79
         Hailstorm         |       |       |     3 |       ||     3
         Cause Fear        |       |       |       |     1 ||     1
    Use: Scroll            |       |       |     3 |       ||     3
         Potion            |       |       |     2 |       ||     2
 Armour: Robe              |    17 |    16 |       |       ||    33
         Troll leather arm |       |       |     7 |       ||     7
         Skin              |       |       |     9 |       ||     9
         Leather armour    |       |       |    75 |    32 ||   107
  Dodge: Dodged            |    29 |    14 |    54 |    27 ||   124

Levels and vault maps discovered:
D:1:      grunt_arrival_lava_bath, layout_rooms, serial_bayou_ford_a
D:2:      layout_rooms, shapermc_ecumenical_altar_venn, uniq_terence
D:3:      layout_loops_cross, ebering_ghost_gozag, serial_co_window_serial,
          co_window_paths_a, co_window_paths_a, co_window_corner_a,
          co_window_corner_a, co_window_corner_a, co_window_of_opportunity_a,
          co_window_corner_a, co_window_unsneaky_path_a, co_window_broadway_b,
          co_window_of_opportunity_b, co_window_paths_e, glass_columns_a,
          glass_columns_a, glass_columns_a, glass_columns_c
D:4:      layout_gridville, nicolae_uskayaw_dance_hall,
          mainiacjoe_overflow_alcove_4, uniq_pargi
D:5:      layout_basic, dreamdust_gnoll_farm
D:6:      layout_basic, mainiacjoe_overflow_concentric_impassable,
          minmay_temple_entry_antechambers, gammafunk_ghost_smash
D:7:      layout_cave_pods, lemuel_mausoleum_altar_kikubaaqudgha, serial_shops,
          nicolae_shop_drivethru, enter_bailey_5,
          gammafunk_ghost_wrathful_warriors, minmay_starry_boxes

Notes
Turn   | Place    | Note
-------+----------+-------------------------------------------
     0 | D:1      | cforsyth the Djinni Hexslinger began the quest for the Orb.
     0 | D:1      | cforsyth set off with the following spells memorised:
                  | Jinxbite, Sigil of Binding, Inner Flame, Cause Fear,
                  | Dimensional Bullseye.
     0 | D:1      | Reached XP level 1. HP: 17/17 MP: 0/0
    24 | D:1      | Reached XP level 2. HP: 22/22 MP: 0/0
    79 | D:1      | Reached skill level 3 in Spellcasting
    79 | D:1      | Reached skill level 3 in Conjurations
    79 | D:1      | Reached skill level 3 in Hexes
    79 | D:1      | Reached skill level 3 in Summonings
    79 | D:1      | Reached skill level 3 in Necromancy
    79 | D:1      | Reached skill level 3 in Translocations
    79 | D:1      | Reached skill level 3 in Fire Magic
    79 | D:1      | Reached skill level 3 in Ice Magic
    79 | D:1      | Reached skill level 3 in Air Magic
    79 | D:1      | Reached skill level 3 in Earth Magic
    79 | D:1      | Reached skill level 3 in Alchemy
   216 | D:1      | Reached skill level 2 in Fighting
   216 | D:1      | Reached XP level 3. HP: 28/28 MP: 0/0
   216 | D:1      | Learned a level 1 spell: Sandblast
   543 | D:2      | Noticed Terence
   755 | D:2      | Killed Terence
   755 | D:2      | HP: 2/29 [spore (10)]
   756 | D:2      | Reached XP level 4. HP: 2/34 MP: 0/0
   965 | D:2      | Reached skill level 3 in Fighting
  1169 | D:2      | Found a faded altar of an unknown god.
  1402 | D:3      | Noticed an ogre
  1407 | D:3      | Killed an ogre
  1408 | D:3      | Reached XP level 5. HP: 17/41 MP: 0/0
  1408 | D:3      | Learned a level 2 spell: Searing Ray
  1784 | D:3      | Found a runed translucent gate.
  1784 | D:3      | Found a runed translucent gate.
  1784 | D:3      | Found a runed translucent gate.
  1785 | D:3      | Found an opulent altar of Gozag.
  1786 | D:3      | Noticed jasper's ghost (amateur DECj)
  2251 | D:4      | Reached skill level 4 in Fighting
  2251 | D:4      | Reached skill level 4 in Spellcasting
  2251 | D:4      | Reached skill level 4 in Conjurations
  2251 | D:4      | Reached skill level 4 in Hexes
  2251 | D:4      | Reached skill level 4 in Summonings
  2251 | D:4      | Reached skill level 4 in Necromancy
  2251 | D:4      | Reached skill level 4 in Translocations
  2251 | D:4      | Reached skill level 4 in Fire Magic
  2251 | D:4      | Reached skill level 4 in Ice Magic
  2251 | D:4      | Reached skill level 4 in Air Magic
  2251 | D:4      | Reached skill level 4 in Earth Magic
  2251 | D:4      | Reached skill level 4 in Alchemy
  2251 | D:4      | Reached XP level 6. HP: 20/47 MP: 0/0
  2541 | D:4      | Noticed an ice beast
  2544 | D:4      | Killed an ice beast
  2593 | D:4      | Noticed Pargi
  2597 | D:4      | Killed Pargi
  2598 | D:4      | Reached skill level 5 in Fighting
  2598 | D:4      | Reached XP level 7. HP: 33/54 MP: 0/0
  2598 | D:4      | Learned a level 2 spell: Momentum Strike
  2751 | D:4      | Found a broken altar of Ashenzari.
  2854 | D:4      | Found a hide-covered altar of Uskayaw.
  3203 | D:5      | Entered Level 5 of the Dungeon
  3245 | D:5      | Reached skill level 5 in Spellcasting
  3245 | D:5      | Reached skill level 5 in Conjurations
  3245 | D:5      | Reached skill level 5 in Hexes
  3245 | D:5      | Reached skill level 5 in Summonings
  3245 | D:5      | Reached skill level 5 in Necromancy
  3245 | D:5      | Reached skill level 5 in Translocations
  3245 | D:5      | Reached skill level 5 in Fire Magic
  3245 | D:5      | Reached skill level 5 in Ice Magic
  3245 | D:5      | Reached skill level 5 in Air Magic
  3245 | D:5      | Reached skill level 5 in Earth Magic
  3245 | D:5      | Reached skill level 5 in Alchemy
  3310 | D:5      | Identified the +2 leather armour of Uskayaw's Wrath {Int+3}
  3314 | D:5      | Identified the +0 pair of gloves of Anecruq {rC+ Dex+3}
  3351 | D:5      | Reached XP level 8. HP: 43/61 MP: 0/0
  3364 | D:5      | Reached skill level 6 in Fighting
  4426 | D:6      | HP: 2/62 [spore (8)]
  4427 | D:6      | Reached skill level 7 in Fighting
  4664 | D:6      | Found a shimmering altar of Xom.
  4776 | D:6      | Found a staircase to the Ecumenical Temple.
  4787 | D:6      | Reached skill level 6 in Spellcasting
  4787 | D:6      | Reached skill level 6 in Conjurations
  4787 | D:6      | Reached skill level 6 in Hexes
  4787 | D:6      | Reached skill level 6 in Summonings
  4787 | D:6      | Reached skill level 6 in Necromancy
  4787 | D:6      | Reached skill level 6 in Translocations
  4787 | D:6      | Reached skill level 6 in Fire Magic
  4787 | D:6      | Reached skill level 6 in Ice Magic
  4787 | D:6      | Reached skill level 6 in Air Magic
  4787 | D:6      | Reached skill level 6 in Earth Magic
  4787 | D:6      | Reached skill level 6 in Alchemy
  4962 | D:6      | Reached XP level 9. HP: 52/69 MP: 0/0
  4962 | D:6      | Learned a level 3 spell: Hailstorm
  5052 | D:6      | Found a transporter.
  5053 | D:6      | Noticed Esekla's ghost (amateur OpDe)
  5056 | D:6      | Identified the +5 great mace "Usyret" {holy, rN++ Str-2}
  5056 | D:6      | Noticed a two-headed ogre
  5058 | D:6      | Found a transporter.
  5217 | D:6      | Reached skill level 8 in Fighting
  5532 | D:7      | Found a flagged portal.
  5566 | Bailey   | Entered a bailey
  5980 | Bailey   | Noticed a gargoyle
  6004 | Bailey   | Killed a gargoyle
  6005 | Bailey   | Reached skill level 7 in Spellcasting
  6005 | Bailey   | Reached skill level 7 in Conjurations
  6005 | Bailey   | Reached skill level 7 in Hexes
  6005 | Bailey   | Reached skill level 7 in Summonings
  6005 | Bailey   | Reached skill level 7 in Necromancy
  6005 | Bailey   | Reached skill level 7 in Translocations
  6005 | Bailey   | Reached skill level 7 in Fire Magic
  6005 | Bailey   | Reached skill level 7 in Ice Magic
  6005 | Bailey   | Reached skill level 7 in Air Magic
  6005 | Bailey   | Reached skill level 7 in Earth Magic
  6005 | Bailey   | Reached skill level 7 in Alchemy
  6144 | Bailey   | Reached skill level 9 in Fighting
  6503 | Bailey   | HP: 1/72 [vampire/+1 vampiric halberd (21)]
  6717 | Bailey   | Identified the +0 plate armour of Immorality {Harm}
  6804 | D:7      | Reached XP level 10. HP: 72/78 MP: 0/0
  6841 | D:7      | Noticed a gargoyle
  7076 | D:7      | Killed from afar by a gargoyle

Vanquished Creatures
  A gargoyle (Bailey)
  A vampire (Bailey)
  A water moccasin (D:6)
  Pargi (D:4)
  An orc warrior (D:6)
  2 ice beasts
  2 black bears
  A centaur (D:6)
  An ogre (D:3)
  A phantom (D:6)
  2 scorpions
  7 wolf zombies (Bailey)
  8 vampire bats (Bailey)
  2 bombardier beetles
  3 jellies
  6 hounds
  3 orc priests
  A sleepcap (D:4)
  Terence (D:2)
  4 iguanas
  2 orc wizards (D:6)
  6 gnolls (D:5)
  6 adders
  2 shadow imps
  2 white imps (D:6)
  4 ufetubi
  2 dart slugs (D:2)
  2 ribbon worms (D:2)
  6 orcs
  5 ball pythons
  7 endoplasms
  2 giant cockroaches
  5 goblins
  4 hobgoblins
  9 jackals
  3 quokkas
  7 bats
  4 kobolds
  17 orc zombies (Bailey)
  2 rats (D:1)
146 creatures vanquished.

Vanquished Creatures (collateral kills)
  4 goblins (D:7)
4 creatures vanquished.

Grand Total: 150 creatures vanquished

Table legend: (Time is in decaauts)
 A = Elapsed time spent in this place.
 B = Non-inter-level travel time spent in this place.
 C = Inter-level travel time spent in this place.
 D = Time resting spent in this place.
 E = Time spent auto-exploring this place.
 F = Levels seen in this place.
 G = Mean time per level.
                   A        B        C        D        E       F      G
               +--------+--------+--------+--------+--------+-----+--------+
         Total |   7123 |   6993 |    130 |    467 |   5322 |   8 |  890.4 |
       Dungeon |   5943 |   5813 |    130 |    467 |   4433 |   7 |  849.0 |
        Bailey |   1179 |   1179 |      0 |      0 |    889 |   1 | 1179.0 |
               +--------+--------+--------+--------+--------+-----+--------+

Top non-repeatable levels by time:
     D:6: 1420 daAuts
  Bailey: 1179 daAuts
     D:5: 1088 daAuts
     D:4: 1002 daAuts
     D:3: 985 daAuts
     D:1: 671 daAuts
     D:2: 597 daAuts
     D:7: 177 daAuts

Table legend:
 A = Non-vault XP
 B = Vault XP
 C = Vault XP percentage of total XP
 D = Non-vault monster count
 E = Vault monster count
 F = Vault count percentage of total count
                 A         B        C        D         E       F
            +---------+---------+-------+---------+---------+-------
      Total |    2284 |    1925 |  45.7 |     104 |      46 |  30.7
            +---------+---------+-------+---------+---------+-------
        D:1 |      34 |       0 |   0.0 |      20 |       0 |   0.0
        D:2 |      62 |      36 |  36.7 |      18 |       1 |   5.3
        D:3 |     121 |       0 |   0.0 |       6 |       0 |   0.0
        D:4 |     383 |     141 |  26.9 |      20 |       1 |   4.8
        D:5 |     624 |      83 |  11.7 |      18 |       4 |  18.2
        D:6 |     870 |       0 |   0.0 |      18 |       0 |   0.0
        D:7 |     190 |     128 |  40.3 |       4 |       6 |  60.0
     Bailey |       0 |    1537 | 100.0 |       0 |      34 | 100.0
            +---------+---------+-------+---------+---------+-------
